 Dungeon Crawl Stone Soup version 0.22.1-1-ga44c0e56f4 (webtiles) character file.

2685 Morbidden the Grappler (level 9, -1/120 HPs)
             Began as a Troll Hunter on Oct 10, 2018.
             Was an Elder of Okawaru.
             Succumbed to a killer bee's poison
             ... on level 8 of the Dungeon.
             The game lasted 00:12:04 (5253 turns).

Morbidden the Grappler (Troll Hunter)               Turns: 5253, Time: 00:12:04

Health: -1/120     AC: 24    Str: 25    XL:     9   Next: 38%
Magic:  10/10      EV:  1    Int:  7    God:    Okawaru [****..]
Gold:   423        SH:  0    Dex: 10    Spells: 8/8 levels left

rFire    . . .     SeeInvis .     - Unarmed
rCold    . . .     Gourm    +   (no shield)
rNeg     + + +     Faith    .   (armour currently unavailable)
rPois    +         Spirit   .   (helmet currently unavailable)
rElec    .         Reflect  .   (cloak currently unavailable)
rCorr    +         Harm     .   (gloves unavailable)
MR       +....     NoTele   +   (boots unavailable)
Stlth    +.........             (no amulet)
HPRegen  0.70/turn              e - ring of resist corrosion
MPRegen  0.12/turn              p - ring of protection from magic

@: lethally poisoned (-1 -> -7), tree-form
A: large, unfitting armour, fast metabolism 3, gourmand, regeneration 1
a: Heroism, Renounce Religion


You were on level 8 of the Dungeon.
You worshipped Okawaru.
Okawaru was greatly pleased with you.
You were very hungry.
You were a tree.
You visited 2 branches of the dungeon, and saw 9 of its levels.

You collected 423 gold pieces.

Inventory:

Missiles
 c - 9 large rocks
 d - 2 throwing nets
 h - 224 stones
 o - 9 javelins (quivered)
Armour
 b - a +0 robe (melded)
Jewellery
 e - a ring of resist corrosion (left branch)
 p - a ring of protection from magic (right branch)
 D - an uncursed ring of fire {unknown}
 E - an uncursed amulet of harm {unknown}
Wands
 w - a wand of random effects (29)
 A - a wand of clouds (6)
Scrolls
 a - 9 scrolls of identify
 i - 2 scrolls of amnesia {unknown}
 j - a scroll of blinking {unknown}
 k - 4 scrolls of remove curse
 l - 2 scrolls of fear {unknown}
 m - 2 scrolls of random uselessness {unknown}
 q - 2 scrolls of enchant weapon {unknown}
 v - 4 scrolls of teleportation {unknown}
 y - a scroll of enchant armour {unknown}
 C - a scroll of magic mapping {unknown}
 F - a scroll of immolation {unknown}
Potions
 g - a potion of berserk rage {unknown}
 n - 2 potions of flight {unknown}
 r - a potion of curing {unknown}
 s - a potion of agility
 t - a potion of degeneration {unknown}
 u - a potion of magic {unknown}
 x - 2 potions of lignification
 z - a potion of haste {unknown}
 B - a potion of brilliance {unknown}
Comestibles
 f - 14 rations


   Skills:
 + Level 2.6 Fighting
 + Level 6.1 Throwing
 + Level 3.9 Dodging
 - Level 0.3 Stealth
 * Level 9.9 Unarmed Combat
 + Level 2.8 Invocations


You had 8 spell levels left.
You didn't know any spells.
Your spell library contained the following spells:

 Spells                   Type           Power        Failure   Level  Hunger
 Confusing Touch          Hex            #.....       43%         1    ##.....
 Magic Dart               Conj           #...         43%         1    ##.....
 Searing Ray              Conj           #.....       56%         2    ###....
 Confuse                  Hex            #.......     80%         3    ####...
 Dazzling Spray           Conj/Hex       #.....       80%         3    ####...
 Gell's Gravitas          Tloc           #.........   80%         3    ####...
 Force Lance              Conj/Tloc      #.......     99%         4    #####..
 Fulminant Prism          Conj/Hex       #.........   99%         4    #####..
 Iskenderun's Mystic Bla  Conj           #.......     99%         4    #####..
 Petrify                  Tmut/Erth      #.......     99%         4    #####..
 Metabolic Englaciation   Hex/Ice        #.........   100%        5    ######.
 Yara's Violent Unravell  Hex/Tmut       #.........   100%        5    ######.


Dungeon Overview and Level Annotations

Branches:
Dungeon (8/15)             Temple (1/1) D:4
   Lair: D:8-11

Altars:
Ashenzari
Kikubaaqudgha
Makhleb
Okawaru
Ru
Vehumet
Wu Jian
Xom


Innate Abilities, Weirdness & Mutations

You are too large for most types of armour.
((You have claws for hands.))
Your metabolism is lightning-fast.
You like to eat raw meat.
Your natural rate of healing is unusually fast.
((You are covered in fur. (AC +1)))
((You have very tough skin. (AC +2)))


Message History

Unknown command.
You feel sick.
You see here a killer bee corpse.
You feel sick. The killer bee stings you.
* * * LOW HITPOINT WARNING * * *
You feel sick. The killer bee misses you.
You feel sick.
Unknown command.
You feel sick. The killer bee barely misses you. The killer bee stings you!
* * * LOW HITPOINT WARNING * * *
* * * LOW HITPOINT WARNING * * *
You feel sick. The killer bee stings you.
* * * LOW HITPOINT WARNING * * *
You are more poisoned.
The killer bee poisons you!
Unknown command.
Unknown command.
It was a potion of lignification.
You turn into a tree.
Your +0 robe melds into your body.
Your roots penetrate the ground.
You die...

###### ##..<.##
#......# #......#
#......# # #.....#####
#+#.#
#####....##..##....#
#...♣######........#
......#.y...†'......(##
..... #.yF...#†........
.... #......#.........
... +......#.........
.. ##'#####.......## .
#... #.......# #...
.........# #...
...%......#


You could see a bullfrog and 2 killer bees.

Vanquished Creatures
  A hippogriff (D:7)
  A hungry ghost (D:8)
  Eustachio (D:5)
  A water moccasin (D:6)
  An orc warrior (D:6)
  A phantom (D:7)
  2 sky beasts
  A black bear (D:8)
  2 ogres (D:6)
  2 centaurs (D:7)
  A bullfrog (D:6)
  A killer bee (D:8)
  3 scorpions
  8 howler monkeys
  A bullfrog zombie (D:5)
  3 crimson imps
  4 hounds
  2 orc priests
  Jessica (D:2)
  5 orc wizards
  4 worker ants
  3 hound skeletons
  A howler monkey skeleton (D:7)
  3 adders
  4 gnolls (D:4)
  2 adder zombies (D:6)
  3 worms
  3 dart slugs
  3 leopard geckos
  16 orcs
  5 bats
  5 giant cockroaches
  16 goblins
  3 hobgoblins
  9 jackals
  5 kobolds
  3 quokkas (D:4)
  2 ball pythons
  6 frilled lizards
  8 rats
146 creatures vanquished.

Notes
Turn   | Place    | Note
-------+----------+-------------------------------------------
     0 | D:1      | Morbidden the Troll Hunter began the quest for the Orb.
     0 | D:1      | Reached XP level 1. HP: 19/19 MP: 0/0
   125 | D:1      | Reached XP level 2. HP: 27/27 MP: 1/1
   391 | D:1      | Reached skill level 1 in Unarmed Combat
   391 | D:1      | Reached XP level 3. HP: 28/35 MP: 2/2
   977 | D:2      | Noticed Jessica
   997 | D:2      | Killed Jessica
  1054 | D:2      | Reached XP level 4. HP: 35/42 MP: 3/3
  1223 | D:3      | Reached skill level 2 in Unarmed Combat
  2093 | D:3      | Reached skill level 3 in Unarmed Combat
  2194 | D:4      | Reached XP level 5. HP: 49/49 MP: 4/4
  2240 | D:4      | Found a staircase to the Ecumenical Temple.
  2260 | Temple   | Entered the Ecumenical Temple
  2345 | Temple   | Became a worshipper of Warmaster Okawaru
  2500 | D:4      | Reached skill level 4 in Unarmed Combat
  2690 | D:4      | Reached XP level 6. HP: 39/57 MP: 5/5
  2835 | D:4      | Reached skill level 1 in Invocations
  3111 | D:4      | Reached * piety under Okawaru
  3175 | D:5      | Entered Level 5 of the Dungeon
  3182 | D:5      | Found a shattered altar of Ashenzari.
  3233 | D:5      | Noticed a sky beast
  3235 | D:5      | Killed a sky beast
  3235 | D:5      | Reached skill level 5 in Unarmed Combat
  3235 | D:5      | Reached XP level 7. HP: 65/65 MP: 7/7
  3401 | D:5      | Noticed Eustachio
  3416 | D:5      | Killed Eustachio
  3416 | D:5      | Reached skill level 5 in Throwing
  3740 | D:6      | Reached skill level 6 in Unarmed Combat
  3750 | D:6      | Found a shimmering altar of Xom.
  3793 | D:6      | Reached ** piety under Okawaru
  3799 | D:6      | Reached XP level 8. HP: 39/74 MP: 8/8
  3871 | D:6      | Reached skill level 7 in Unarmed Combat
  4254 | D:6      | Reached skill level 8 in Unarmed Combat
  4391 | D:7      | Reached *** piety under Okawaru
  4700 | D:7      | Found a radiant altar of Vehumet.
  4810 | D:7      | Reached XP level 9. HP: 65/80 MP: 10/10
  4818 | D:7      | Reached skill level 9 in Unarmed Combat
  5236 | D:8      | Reached **** piety under Okawaru
  5251 | D:8      | HP: 3/80 [killer bee (7)]
  5252 | D:8      | HP: 1/80 [killer bee (2)]
  5253 | D:8      | Succumbed to a killer bee's poison

Skill      XL: |  1  2  3  4  5  6  7  8  9 |
---------------+----------------------------+-----
Throwing       | 4 5 6 |  6.1
Unarmed Combat | 1 3 4 5 6 8 9 |  9.9
Dodging        | 2 3 |  3.9
Invocations    | 1 2 |  2.8
Fighting       | 2 |  2.6
Stealth        | |  0.3

Action                   |  1- 3 |  4- 6 |  7- 9 || total
-------------------------+-------+-------+-------++-------
Melee: Unarmed           |   115 |   119 |   196 ||   430
       Punch             |       |     1 |     9 ||    10
Throw: Stone             |    12 |     6 |       ||    18
       Javelin           |       |    40 |    31 ||    71
Invok: Heroism           |       |       |     3 ||     3
  Use: Scroll            |       |     1 |       ||     1
       Potion            |       |       |     1 ||     1
 Stab: Sleeping          |       |     1 |       ||     1
  Eat: Chunk             |     4 |    20 |    18 ||    42
       Ration            |     1 |       |       ||     1
Armor: Robe              |    59 |    61 |    38 ||   158
Dodge: Dodged            |    63 |    71 |   118 ||   252
